 Dungeon Crawl Stone Soup version 0.29-a0-998-g1987434951 (webtiles) character file.

Game seed: 9965962950158794131

773 RevDB the Conjurer (level 7, -3/63 HPs)
             Began as a Purple Draconian Conjurer on Aug 5, 2022.
             Killed by divine providence
             ... invoked by an orc priest
              (13 damage)
             ... on level 5 of the Dungeon.
             The game lasted 00:17:29 (2899 turns).

RevDB the Conjurer (Purple Draconian Conjurer)      Turns: 2899, Time: 00:17:30

Health: -3/63      AC:  7    Str:  9    XL:     7   Next: 53%
Magic:  4/10       EV: 12    Int: 20    God:
Gold:   234        SH:  0    Dex: 10    Spells: 3/10 levels left

rFire   . . .      SeeInvis .   u - +0 quarterstaff
rCold   . . .      Faith    .   (shield currently unavailable)
rNeg    . . .      Spirit   .   (body armour unavailable)
rPois   +          Reflect  .   (helmet restricted)
rElec   .          Harm     .   (no cloak)
rCorr   .          Rampage  .   (no gloves)
Will    +....                   b - +0 pair of boots
Stlth   ++........              (no amulet)
HPRegen 0.20/turn               n - ring of poison resistance
MPRegen 0.12/turn               (no ring)

@: no status effects
A: breathe power, AC +6, unfitting armour, cold-blooded
a: Breathe Dispelling Energy


You were on level 5 of the Dungeon.
You visited 1 branch of the dungeon, and saw 6 of its levels.

You collected 234 gold pieces.

Inventory:

Hand Weapons
 e - a +0 rapier
 j - a +0 whip
 t - a +1 whip of holy wrath
 u - a +0 quarterstaff (weapon)
Armour
 b - a +0 pair of boots (worn)
Jewellery
 n - a ring of poison resistance (left hand)
Wands
 o - a wand of digging (2)
 x - a wand of flame (8)
 y - a wand of polymorph (3)
Scrolls
 f - a scroll of blinking {unknown}
 g - a scroll of amnesia {unknown}
 h - 5 scrolls of identify {unknown}
 l - a scroll of fog {unknown}
 q - a scroll of noise {unknown}
 s - 2 scrolls of immolation {unknown}
 v - a scroll of enchant armour {unknown}
 w - a scroll of summoning {unknown}
Potions
 a - a potion of magic
 c - 2 potions of curing {unknown}
 d - 2 potions of might {unknown}
 i - a potion of degeneration {unknown}
 k - 2 potions of brilliance {unknown}
 m - a potion of mutation {unknown}
 p - a potion of lignification {unknown}
 r - a potion of heal wounds {unknown}


   Skills:
 - Level 6.0 Fighting
 - Level 1.1 Staves
 - Level 2.0 Dodging
 - Level 1.7 Stealth
 - Level 2.4 Spellcasting
 - Level 6.4 Conjurations
 + Level 3.4 Hexes


You had 3 spell levels left.
You knew the following spells:

 Your Spells              Type           Power      Damage    Failure   Level
a - Magic Dart            Conj           100%       1d8       1%          1
b - Searing Ray           Conj           56%        2d6       1%          2
c - Fulminant Prism       Conj/Hex       11%        3d9       21%         4

Your spell library contained the following spells:

 Spells                   Type           Power      Damage    Failure   Level
 Dazzling Flash           Conj/Hex       44%        N/A       6%          3
 Apportation              Tloc           4%         N/A       16%         1
 Iskenderun's Mystic Bla  Conj/Tloc      15%        2d5       38%         4
 Alistair's Intoxication  Tmut/Pois      1%         N/A       99%         5


Dungeon Overview and Level Annotations

Branches:
Dungeon (6/15)
 Temple: D:4-7

Altars:
Vehumet

Shops:
D:2 !:


Innate Abilities, Weirdness & Mutations

You can breathe bolts of dispelling energy.
Your rich purple scales are hard. (AC +6)
You cannot fit into any form of body armour.
You are cold-blooded and may be slowed by cold attacks.


Message History

The orc shouts!
You hit the orc priest but do no damage.
You tail-slap the orc priest, but do no damage.
The orc priest is heavily wounded.
The orc priest barely misses you.
An orc priest comes into view. It is wielding a +0 club.
The orc priest invokes the aid of Beogh against you.
Pain shoots through your body!
The orc priest moves out of view.
You hit the orc priest.
You tail-slap the orc priest, but do no damage.
The orc priest is almost dead.
An iguana comes into view.
The orc priest barely misses you.
The iguana hisses angrily.
You hit the orc priest.
The orc priest is almost dead.
You hear a shout!
The orc priest hits you with a +1 flail of holy wrath.
The orc hits you from afar with a +0 trident.
You barely miss the orc priest.
Your tail-slap misses the orc priest.
The orc priest is almost dead.
The orc closely misses you. The orc priest barely misses you.
The orc barely misses you.
The orc priest calls down the wrath of Beogh upon you.
Beogh smites you!
* * * LOW HITPOINT WARNING * * *
The orc misses you. The orc closely misses you.
The orc priest mumbles some strange prayers to Beogh against you.
Beogh smites you!
* * * LOW HITPOINT WARNING * * *
Aiming: Magic Dart (safe; 1% risk of failure)
Press: ? - help, Q - select action, (/) - cycle Shift-Dir - straight line, f/p - orc priest
Aim: an orc priest, wielding a +1 flail of holy wrath and wearing a +0 scale mail (almost dead, 100% to hit)
The magic dart hits the orc priest but does no damage.
The orc priest is almost dead.
The orc barely misses you.
The orc priest looks satisfied for a moment.
The orc priest calls down the wrath of Beogh upon you.
Beogh smites you!
You die...

..... .o...######
..........####
...l.........
...........#
..[..o.....#
#.....oo..####.#
......)@...=....
........o>..#.[.
..###.##.###....
#..........#
#..#.###..## ###
##.#.†.....#
....##......##..#
#......##.## #
#.....>##.#


You could see an iguana, 2 orc priests and 3 orcs.

Vanquished Creatures
  Sigmund (D:3)
  An ogre (D:4)
  A phantom (D:4)
  A necrophage (D:5)
  A scorpion (D:4)
  3 hounds
  Natasha (thrice) (D:3)
  Robin (D:2)
  5 adders
  A shadow imp (D:6)
  A white imp (D:6)
  A worm (D:2)
  2 dart slugs
  7 orcs
  3 endoplasms
  3 giant cockroaches
  12 goblins
  10 hobgoblins
  7 kobolds
  2 quokkas
  2 ball pythons (D:1)
  6 bats
  4 frilled lizards
  8 rats
86 creatures vanquished.

Notes
Turn   | Place    | Note
-------+----------+-------------------------------------------
     0 | D:1      | RevDB the Draconian Conjurer began the quest for the Orb.
     0 | D:1      | Reached XP level 1. HP: 14/14 MP: 3/3
   181 | D:1      | Reached XP level 2. HP: 19/20 MP: 3/5
   503 | D:2      | Found Nysir's Book Shop.
   631 | D:2      | Noticed Robin
   872 | D:2      | Learned a level 2 spell: Searing Ray
   946 | D:2      | Reached skill level 5 in Conjurations
   952 | D:2      | Reached XP level 3. HP: 22/26 MP: 6/6
   957 | D:2      | Killed Robin
  1384 | D:2      | Found Congejet's Distillery.
  1659 | D:3      | Reached XP level 4. HP: 33/34 MP: 3/7
  1675 | D:3      | Reached skill level 1 in Fighting
  1707 | D:3      | Noticed Sigmund
  1732 | D:3      | Killed Sigmund
  1733 | D:3      | Reached XP level 5. HP: 31/45 MP: 1/8
  1824 | D:3      | Noticed Natasha
  1828 | D:3      | Killed Natasha
  1829 | D:3      | Reached XP level 6. HP: 51/51 MP: 3/9
  1868 | D:3      | Noticed Natasha
  1872 | D:3      | Killed Natasha
  1872 | D:3      | Noticed Natasha
  1874 | D:3      | Killed Natasha
  2271 | D:4      | Reached skill level 5 in Fighting
  2316 | D:4      | Your scales start taking on a rich purple colour.
  2316 | D:4      | Reached XP level 7. HP: 63/63 MP: 1/10
  2340 | D:4      | Reached skill level 1 in Staves
  2352 | D:4      | Learned a level 4 spell: Fulminant Prism
  2520 | D:4      | Reached skill level 1 in Hexes
  2553 | D:4      | Found a radiant altar of Vehumet.
  2809 | D:4      | You fall into a shaft and drop 2 floors!
  2869 | D:5      | Entered Level 5 of the Dungeon
  2899 | D:5      | Killed from afar by an orc priest

Illustrated notes

Levels and vault maps discovered:
D:1:      dpeg_arrival_shrine, layout_rooms
D:2:      layout_basic, serial_shops, shop, nicolae_shop_advertising_works
          [nicolae_subvault_shop_adworks], uniq_robin
D:3:      minmay_evil_eye, layout_loops_ring, kennysheep_generic_room_2,
          uniq_natasha, uniq_sigmund
D:4:      layout_basic, general_overflow_altar, hangedman_glass_garden,
          hangedman_decor_slide_cut, minmay_misc_feat_square
D:5:      layout_rooms, serial_shops, nicolae_diamond_shop, grunt_ministairs_10,
          st_stairs_6, nicolae_inconvenience_store, minmay_pentangle
D:6:      layout_basic, temple_pool_b

Skill      XL: |  1  2  3  4  5  6  7 |
---------------+----------------------+-----
Conjurations   | 5 6 |  6.4
Fighting       | 3 6 |  6.0
Dodging        | 2 |  2.0
Staves         | 1 |  1.1
Hexes          | 3 |  3.4
Stealth        | |  1.7
Spellcasting   | |  2.4

Action                   |  1- 3 |  4- 6 |  7- 9 || total
-------------------------+-------+-------+-------++-------
Melee: Rapier            |    71 |    42 |       ||   113
       Tailslap          |     4 |     5 |     5 ||    14
       Quarterstaff      |       |       |    48 ||    48
 Cast: Magic Dart        |    36 |    23 |    23 ||    82
       Searing Ray       |     1 |     6 |     2 ||     9
 Abil: Breathe Dispellin |       |       |     4 ||     4
Armor: Skin              |    39 |    16 |    19 ||    74
Dodge: Dodged            |    60 |    40 |    36 ||   136

Table legend: (Time is in decaauts)
 A = Elapsed time spent in this place.
 B = Non-inter-level travel time spent in this place.
 C = Inter-level travel time spent in this place.
 D = Time resting spent in this place.
 E = Time spent auto-exploring this place.
 F = Levels seen in this place.
 G = Mean time per level.
                   A        B        C        D        E       F      G
               +--------+--------+--------+--------+--------+-----+--------+
         Total |   2932 |   2820 |    112 |    220 |    719 |   6 |  488.7 |
       Dungeon |   2932 |   2820 |    112 |    220 |    719 |   6 |  488.7 |
               +--------+--------+--------+--------+--------+-----+--------+

Top non-repeatable levels by time:
     D:2: 841 daAuts
     D:3: 772 daAuts
     D:1: 666 daAuts
     D:4: 558 daAuts
     D:6: 61 daAuts
     D:5: 32 daAuts
